 Dungeon Crawl Stone Soup version 0.31-a0-986-g5e6e4ef867 (webtiles) character file.

Game seed: 13943188817485572577

39 Danienth the Insei (level 3, -4/27 HPs)
             Began as a Human Shapeshifter on Nov 12, 2023.
             Slain by a goblin
             ... wielding a +2 dagger of venom
              (6 damage)
             ... on level 2 of the Dungeon.
             The game lasted 00:01:57 (760 turns).

Danienth the Insei (Human Shapeshifter)              Turns: 760, Time: 00:01:58

Health: -4/27      AC:  2    Str: 14    XL:     3   Next: 70%
Magic:  3/3        EV: 12    Int: 10    God:
Gold:   77         SH:  0    Dex: 14    Spells: 2/2 levels left

rFire   . .          .
                       - Unarmed
rCold   . . .        (no shield)
rNeg    . . .        a - +0 animal skin
rPois   +            (helmet currently unavailable)
rElec   .            (cloak currently unavailable)
rCorr   +            (gloves currently unavailable)
SInv    .            (boots currently unavailable)
Will    .....        (no amulet)
Stlth   +            f - ring of resist corrosion
HPRegen 0.24/turn    k - ring of poison resistance
MPRegen 0.08/turn

%: no passive effects
@: lethally poisoned (-4 -> -12), beast-form
A: beast (slay +1)
a: Begin Untransformation


You were on level 2 of the Dungeon.
You were a hulking beast.
You visited 1 branch of the dungeon, and saw 2 of its levels.

You collected 77 gold pieces.

Inventory:

Armour
 a - a +0 animal skin (worn)
Jewellery
 f - a ring of resist corrosion (left hand)
 k - a ring of poison resistance (right hand)
Talismans
 c - a beast talisman
 d - a flux talisman
Scrolls
 g - a scroll of blinking {unknown}
 j - a scroll of identify {unknown}
 l - a scroll of fog {unknown}
Potions
 b - a potion of lignification
 e - a potion of attraction {unknown}
 h - a potion of brilliance {unknown}
 i - a potion of invisibility {unknown}


   Skills:
 + Level 1.9 Fighting
 - Level 2.0 Dodging
 * Level 3.6 Unarmed Combat
 + Level 3.3 Shapeshifting


You had 2 spell levels left.
You didn't know any spells.
Your spell library was empty.

Dungeon Overview and Level Annotations

Branches:
Dungeon (2/15)

Altars:


Message History

The goblin hits you with a +2 dagger of venom.
You closely miss the adder.
The adder is almost dead.
The ball python bites you but does no damage.
The ball python grabs you. The ball python constricts you. The adder bites you.
The goblin completely misses you.
You punch the ball python!
You kill the ball python!
The adder closely misses you.
The goblin hits you with a +2 dagger of venom.
Attack: -) Nothing wielded
Press: ? - help, Dir - move target, f - goblin
Aim: a goblin, wielding a +2 dagger of venom (about 40% to evade your hands)
You closely miss the goblin. The adder barely misses you.
The goblin barely misses you. The adder completely misses you.
Attack: -) Nothing wielded
Press: ? - help, Dir - move target, f - adder, p - goblin
Aim: an adder (almost dead, about 49% to evade your hands)
You hit the adder.
You kill the adder!
The goblin hits you with a +2 dagger of venom.
You are lethally poisoned!
Unknown command.
Attack: -) Nothing wielded
Press: ? - help, Dir - move target, f - endoplasm
Aim: an endoplasm (about 12% to evade your hands)
You punch the endoplasm!
You kill the endoplasm!
* * * LOW HITPOINT WARNING * * *
You feel very sick.
The goblin hits you with a +2 dagger of venom.
* * * LOW HITPOINT WARNING * * *
Attack: -) Nothing wielded
Press: ? - help, Dir - move target, f - goblin
Aim: a goblin, wielding a +2 dagger of venom (about 40% to evade your hands)
You barely miss the goblin.
* * * LOW HITPOINT WARNING * * *
You feel very sick.
The goblin hits you with a +2 dagger of venom.
You die...

....... # # ##........
.#. .........# ...
#........#
#.####.#.....?## ####
#.##...#........ #...#
#.###........#
#..#.##.##.#.......#
#..##.....##....h..#
#..###...###....†g.#
#..##.....##...........
#..#.##.##.#............
#...###.# #.............
..### #.#.......###$.$..
.######.#........ .....
.................. .....
.........


You could see a goblin.

Vanquished Creatures
  An adder (D:2)
  A dart slug (D:1)
  4 ball pythons
  2 bats (D:1)
  2 endoplasms
  2 giant cockroaches (D:1)
  2 goblins (D:1)
  5 hobgoblins (D:1)
  2 quokkas (D:1)
  A frilled lizard (D:1)
  2 kobolds (D:1)
24 creatures vanquished.

Notes
Turn   | Place    | Note
-------+----------+-------------------------------------------
     0 | D:1      | Danienth the Human Shapeshifter began the quest for the
                  | Orb.
     0 | D:1      | Reached XP level 1. HP: 15/15 MP: 1/1
   165 | D:1      | Reached XP level 2. HP: 21/21 MP: 2/2
   374 | D:1      | Reached XP level 3. HP: 9/27 MP: 3/3
   760 | D:2      | Slain by a goblin

Illustrated notes

Levels and vault maps discovered:
D:1:      scummos_arrival_forest, layout_rooms
D:2:      layout_rooms, serial_shops, nicolae_shop_trees, hex_intersection,
          nicolae_elevator_lobby_asterisk, uniq_jessica

Action                     || total
---------------------------++-------
  Melee: Unarmed           ||    69
         Punch             ||     2
   Stab: Sleeping          ||     1
 Armour: Animal skin       ||    46
  Dodge: Dodged            ||    51

Table legend: (Time is in decaauts)
 A = Elapsed time spent in this place.
 B = Non-inter-level travel time spent in this place.
 C = Inter-level travel time spent in this place.
 D = Time resting spent in this place.
 E = Time spent auto-exploring this place.
 F = Levels seen in this place.
 G = Mean time per level.
                   A        B        C        D        E       F      G
               +--------+--------+--------+--------+--------+-----+--------+
         Total |    754 |    717 |     37 |    188 |    396 |   2 |  377.0 |
       Dungeon |    754 |    717 |     37 |    188 |    396 |   2 |  377.0 |
               +--------+--------+--------+--------+--------+-----+--------+

Top non-repeatable levels by time:
     D:1: 704 daAuts
     D:2: 49 daAuts
